 Dungeon Crawl Stone Soup version 0.28-a0-622-gbaef9634d7 (webtiles) character file.

Game seed: 7435580502594544321

139 sleeves the Slasher (level 5, 40/41 HPs)
             Began as a Demonspawn Fighter on Oct 7, 2021.
             Quit the game on level 3 of the Dungeon.
             The game lasted 00:02:06 (2576 turns).

sleeves the Slasher (Demonspawn Fighter)            Turns: 2576, Time: 00:02:07

Health: 40/41      AC:  9    Str: 17    XL:     5   Next: 1%
Magic:  5/5        EV:  9    Int:  9    God:
Gold:   81         SH:  4    Dex: 13    Spells: 4/4 levels left

rFire   . . .      SeeInvis .   a - +0 long sword
rCold   . . .      Faith    .   c - +0 buckler
rNeg    . . .      Spirit   +   b - +0 scale mail
rPois   .          Reflect  .   n - +0 helmet
rElec   .          Harm     .   (no cloak)
rCorr   .          Rampage  .   (no gloves)
Will    .....                   (no boots)
Stlth   ..........              f - amulet of guardian spirit
HPRegen 0.13/turn               (no ring)
MPRegen 0.18/turn               (no ring)

@: no status effects
A: claws 1, icy blue scales 1, magic regeneration
a: no special abilities


You were on level 3 of the Dungeon.
You visited 1 branch of the dungeon, and saw 3 of its levels.

You collected 81 gold pieces.

Inventory:

Hand Weapons
 a - a +0 long sword (weapon)
Armour
 b - a +0 scale mail (worn)
 c - a +0 buckler (worn)
 n - a +0 helmet (worn)
   (You took it off Robin on level 2 of the Dungeon)
Jewellery
 f - an amulet of guardian spirit (around neck)
   (You found it on level 1 of the Dungeon)
Wands
 p - a wand of digging (4)
   (You took it off Terence on level 2 of the Dungeon)
Scrolls
 e - 4 scrolls of identify {unknown}
 k - 2 scrolls of teleportation {unknown}
 l - a scroll of acquirement {unknown}
 o - a scroll of blinking {unknown}
 r - a scroll of fog {unknown}
 s - a scroll of vulnerability {unknown}
Potions
 d - a potion of might
 g - a potion of curing {unknown}
 h - a potion of berserk rage {unknown}
 i - a potion of lignification {unknown}
 j - a potion of attraction {unknown}
 m - a potion of heal wounds {unknown}
 q - a potion of brilliance {unknown}


   Skills:
 - Level 3.0 Fighting
 + Level 4.8 Long Blades
 - Level 2.6 Armour
 - Level 2.6 Shields


You had 4 spell levels left.
You didn't know any spells.
Your spell library contained the following spells:

 Spells                   Type           Power      Damage    Failure   Level
 Corpse Rot               Necr/Air       N/A        N/A       94%         2
 Poisonous Vapours        Pois/Air       0%         N/A       94%         2
 Dazzling Flash           Conj/Hex       0%         N/A       99%         3
 Iskenderun's Mystic Bla  Conj/Tloc      0%         2d3       100%        4
 Starburst                Conj/Fire      0%         6d3       100%        6


Dungeon Overview and Level Annotations

Branches:
Dungeon (3/15)

Altars:


Innate Abilities, Weirdness & Mutations

You have sharp fingernails.
You are partially covered in icy blue scales. (AC +2)
You regenerate magic rapidly.


Message History

You hit the ball python.
You kill the ball python!
Your Long Blades skill increases to level 2!
No target in view!
No target in view!
No target in view!
No target in view!
No target in view!
Found 9 gold pieces.
Things that are here:
a +0 plate armour; a ball python corpse You pick up a book of Spectacle and begin reading...
You add the spells Dazzling Flash, Iskenderun's Mystic Blast and Starburst to your library.
A dart slug comes into view.
The dart slug launches a dart at you. The slug dart hits you.
A dart slug is nearby!
A dart slug is nearby!
A dart slug is nearby!
You hit the dart slug.
The dart slug is moderately wounded.
The dart slug launches a dart at you.
The slug dart hits you but does no damage.
You hit the dart slug.
The dart slug is heavily wounded.
The dart slug barely misses you.
You hit the dart slug.
You kill the dart slug!
No target in view!
No target in view!
No target in view!
No target in view!
A bat comes into view.
Found a scroll labelled ACZETI DOZEUMI.
A bat is nearby!
A bat is nearby!
A bat is nearby!
The bat barely misses you.
You closely miss the bat. The bat hits you but does no damage.
You closely miss the bat. The bat hits you but does no damage.
You slash the bat!
You kill the bat!
No target in view!
No target in view!
No target in view!
Found a mace.
Found a stone staircase leading down.
A goblin comes into view. It is wielding a +0 dagger.
The goblin shouts!
Found a runed bronze amulet.
The goblin hits you but does no damage.
You closely miss the goblin. The goblin hits you with a +0 dagger.
You hit the goblin.
You kill the goblin!
No target in view!
No target in view!
No target in view!
No target in view!
No target in view!
No target in view!
No target in view!
Things that are here:
a +0 dagger; a goblin corpse
f - an amulet of guardian spirit
Okay, then.
Nothing quivered!
You start putting on your amulet.
You continue putting on your amulet of guardian spirit. x5
You finish putting on your amulet of guardian spirit.
You feel your power drawn to a protective spirit.
f - an amulet of guardian spirit (around neck)
e - 2 scrolls labelled ACZETI DOZEUMI (gained 1)
g - a smoky blue potion You now have 42 gold pieces (gained 9).
Found a stone staircase leading down.
Found 17 bolts.
You see here 17 bolts.
Found 23 stones.
A giant cockroach comes into view.
The giant cockroach waves its antennae.
You see here 23 stones.
You barely miss the giant cockroach.
The giant cockroach bites you but does no damage.
You closely miss the giant cockroach.
The giant cockroach bites you but does no damage.
The giant cockroach bites you.
You hit the giant cockroach.
The giant cockroach is almost dead.
The giant cockroach closely misses you.
The giant cockroach bites you but does no damage.
You slash the giant cockroach!
You kill the giant cockroach!
You have reached level 2!
Your demonic ancestry asserts itself...
Icy blue scales grow over part of your body.
An endoplasm comes into view.
The endoplasm quivers.
An endoplasm is nearby!
An endoplasm is nearby!
An endoplasm is nearby!
You hit the endoplasm.
The endoplasm is moderately wounded.
The endoplasm barely misses you.
You slash the endoplasm!
You kill the endoplasm!
No target in view!
No target in view!
No target in view!
No target in view!
No target in view!
No target in view!
No target in view!
No target in view!
A frilled lizard comes into view.
The frilled lizard hisses angrily.
A frilled lizard is nearby!
A frilled lizard is nearby!
Found a robe.
The frilled lizard barely misses you.
You slash the frilled lizard!
You kill the frilled lizard!
No target in view!
No target in view!
No target in view!
No target in view!
You see here a +0 robe.
A frilled lizard comes into view.
A frilled lizard is nearby!
A frilled lizard is nearby!
The frilled lizard bites you but does no damage.
You barely miss the frilled lizard. You block the frilled lizard's attack.
You hit the frilled lizard.
You kill the frilled lizard!
No target in view!
No target in view!
No target in view!
No target in view!
You see here a frilled lizard corpse.
h - a smoky emerald potion A goblin comes into view.
It is wielding a +0 club.
The goblin shouts!
A goblin is nearby!
You block the goblin's attack.
You slash the goblin!
You kill the goblin!
No target in view!
No target in view!
No target in view!
No target in view!
Things that are here:
a +0 club; a goblin corpse
Found a scale mail.
No target in view!
i - a bubbling pink potion You now have 60 gold pieces (gained 18).
A bat comes into view.
Found a book of Vapours.
A bat is nearby!
A bat is nearby!
A hobgoblin comes into view.
The hobgoblin shouts!
The bat hits you but does no damage.
You miss the bat. The bat closely misses you.
The bat hits you but does no damage.
A giant cockroach comes into view.
You hit the hobgoblin.
You kill the hobgoblin!
The bat hits you. The bat hits you but does no damage.
You hit the bat.
You kill the bat!
The giant cockroach completely misses you.
You closely miss the giant cockroach.
The giant cockroach bites you but does no damage.
You slash the giant cockroach!
You kill the giant cockroach!
No target in view!
No target in view!
No target in view!
No target in view!
No target in view!
No target in view!
No target in view!
No target in view!
No target in view!
No target in view!
No target in view!
No target in view!
No target in view!
No target in view!
No target in view!
No target in view!
You pick up a book of Vapours and begin reading...
You add the spells Poisonous Vapours and Corpse Rot to your library.
There is a dry fountain here.
There is a dry fountain here.
Key pressed, stopping explore.
Found a stone staircase leading down.
There is a stone staircase leading down here.
You see here 23 stones.
Done exploring.
No target in view!
Done exploring.
Done exploring.
Done exploring.
Done exploring.
(D) Dungeon
Where to? (? - help)
There is a stone staircase leading down here.
You climb downwards.
The adder hisses angrily.
There is a stone staircase leading up here.
There are monsters nearby!
There are monsters nearby!
There are monsters nearby!
There are monsters nearby!
The adder bites you but does no damage.
You completely miss the adder. The adder bites you but does no damage.
The rat bites you but does no damage. The adder bites you but does no damage.
You closely miss the adder. The adder barely misses you.
The rat bites you but does no damage.
The quokka bites you but does no damage.
You closely miss the adder. The adder bites you but does no damage.
You block the quokka's attack. The rat barely misses you.
The adder barely misses you.
The quokka bites you but does no damage.
You hit the adder.
The adder is severely wounded.
You block the adder's attack. The rat bites you. The quokka closely misses you.
The adder bites you but does no damage. The rat bites you but does no damage.
You barely miss the adder.
The adder is severely wounded.
The quokka closely misses you. The adder barely misses you. The rat bites you.
The quokka bites you but does no damage.
You miss the adder.
The adder is severely wounded.
The adder bites you. The quokka barely misses you. The rat barely misses you.
The adder bites you but does no damage.
You slash the adder!
You kill the adder!
The quokka closely misses you. The rat bites you but does no damage.
The quokka misses you. The rat bites you but does no damage.
Your Long Blades skill increases to level 3!
You barely miss the quokka. You block the quokka's attack.
The rat bites you but does no damage.
You miss the quokka.
The quokka bites you but does no damage.
The rat bites you but does no damage. You block the quokka's attack.
You miss the quokka. The rat bites you.
The quokka bites you but does no damage.
You closely miss the quokka. You block the quokka's attack.
The rat barely misses you. The quokka closely misses you.
The rat bites you but does no damage.
You hit the quokka.
The quokka is moderately wounded.
The quokka bites you but does no damage.
The rat barely misses you. The quokka closely misses you.
You miss the quokka.
The quokka is moderately wounded.
The rat bites you but does no damage.
The quokka bites you but does no damage.
You slash the quokka!
You kill the quokka!
You block the rat's attack.
You hit the rat.
You kill the rat!
No target in view!
No target in view!
No target in view!
No target in view!
No target in view!
No target in view!
No target in view!
No target in view!
No target in view!
No target in view!
No target in view!
No target in view!
No target in view!
No target in view!
No target in view!
Magic restored.
A kobold comes into view. It is wielding a +0 dagger.
A kobold is nearby!
A kobold is nearby!
A kobold is nearby!
A kobold is nearby!
A kobold comes into view. It is wielding a +0 dagger.
The kobold shouts! x2; You hear a shout!
You see here a quokka corpse.
There are monsters nearby!
You slash the kobold!
You kill the kobold!
You closely miss the kobold. The kobold hits you but does no damage.
You hit the kobold.
You kill the kobold!
You have reached level 3!
Your experience leads to an increase in your attributes!
Increase (S)trength, (I)ntelligence, or (D)exterity?
You feel stronger.
Your demonic ancestry asserts itself...
Your magic begins to regenerate rapidly.
Drop what? 9/52 slots (_ for help) (? for menu, Esc to quit)
Okay, then.
A goblin comes into view. It is wielding a +0 club.
A goblin is nearby!
A goblin is nearby!
A goblin is nearby!
The goblin shouts!
The goblin hits you but does no damage.
You hit the goblin.
You kill the goblin!
No target in view!
No target in view!
No target in view!
No target in view!
No target in view!
No target in view!
HP restored.
Things that are here:
a +0 dagger; a +0 dagger An endoplasm comes into view.
An endoplasm is nearby!
An endoplasm is nearby!
An adder comes into view.
The adder hisses angrily.
The endoplasm hits you but does no damage.
You slash the endoplasm!
You kill the endoplasm!
The adder bites you but does no damage. x2
You miss the adder. The adder barely misses you.
You hit the adder.
The adder is heavily wounded.
The adder bites you.
You are poisoned.
The adder poisons you! The adder barely misses you.
You slash the adder!
You kill the adder!
You feel sick.
No target in view!
No target in view!
No target in view!
No target in view!
No target in view!
No target in view!
No target in view!
No target in view!
No target in view!
No target in view!
No target in view!
No target in view!
No target in view!
No target in view!
No target in view!
No target in view!
No target in view!
No target in view!
You feel sick.
You feel sick.
You feel sick.
You are no longer poisoned.
Found a ring mail.
You see here an adder corpse.
Found a stone staircase leading up.
You see here a +0 ring mail.
You open the door.
A ball python comes into view.
The ball python hisses angrily.
A ball python is nearby!
A quokka comes into view.
There is an open door here.
You slash the ball python!
You kill the ball python!
The quokka bites you but does no damage.
You see here a ball python corpse.
You completely miss the quokka. The quokka completely misses you.
You hit the quokka but do no damage. You block the quokka's attack. x2
You closely miss the quokka. The quokka closely misses you.
You barely miss the quokka. The quokka bites you.
You block the quokka's attack.
You hit the quokka but do no damage. The quokka barely misses you.
You miss the quokka.
The quokka bites you but does no damage.
The quokka barely misses you.
You slash the quokka!
You kill the quokka!
No target in view!
No target in view!
No target in view!
No target in view!
No target in view!
No target in view!
No target in view!
A goblin comes into view. It is wielding a +0 dagger.
The goblin shouts!
An endoplasm comes into view.
There are monsters nearby!
There are monsters nearby!
There are monsters nearby!
The endoplasm quivers.
The goblin hits you with a +0 dagger.
You barely miss the goblin. You block the goblin's attack.
You block the endoplasm's attack.
You hit the endoplasm.
The endoplasm is moderately wounded.
The goblin hits you with a +0 dagger. The endoplasm freezes you.
You are frozen.
The goblin hits you with a +0 dagger.
You barely miss the endoplasm.
The endoplasm is moderately wounded.
The endoplasm hits you but does no damage.
The goblin completely misses you.
You hit the endoplasm.
The endoplasm is almost dead.
The endoplasm freezes you.
You are frozen.
The goblin hits you but does no damage. The endoplasm freezes you.
You are frozen.
You are too injured to fight recklessly!
You are too injured to fight recklessly!
You are too injured to fight recklessly!
You are too injured to fight recklessly!
You are too injured to fight recklessly!
You are too injured to fight recklessly!
You are too injured to fight recklessly!
You are too injured to fight recklessly!
You are too injured to fight recklessly!
You are too injured to fight recklessly!
You are too injured to fight recklessly!
You are too injured to fight recklessly!
There are monsters nearby!
You hit the endoplasm.
You kill the endoplasm!
The goblin barely misses you.
You closely miss the goblin. The goblin barely misses you.
The goblin hits you with a +0 dagger.
You hit the goblin.
The goblin is moderately wounded.
The goblin hits you but does no damage.
You barely miss the goblin.
The goblin is moderately wounded.
The goblin hits you with a +0 dagger.
You barely miss the goblin.
The goblin is moderately wounded.
The goblin hits you but does no damage.
You closely miss the goblin.
The goblin is moderately wounded.
The goblin barely misses you. The goblin hits you with a +0 dagger.
* * * LOW HITPOINT WARNING * * *
You hit the goblin but do no damage.
The goblin is moderately wounded.
The goblin hits you with a +0 dagger.
* * * LOW HITPOINT WARNING * * *
You barely miss the goblin.
The goblin is moderately wounded.
The goblin completely misses you.
You closely miss the goblin.
The goblin is moderately wounded.
The goblin hits you with a +0 dagger.
* * * LOW HITPOINT WARNING * * *
You hit the goblin.
You kill the goblin!
You see here a +0 dagger.
Key pressed, stopping explore.
You open the door.
A frilled lizard comes into view.
A frilled lizard is nearby!
A frilled lizard is nearby!
There is an open door here.
You closely miss the frilled lizard. You block the frilled lizard's attack.
The frilled lizard hisses.
The frilled lizard closely misses you.
You hit the frilled lizard.
You kill the frilled lizard!
No target in view!
No target in view!
No target in view!
No target in view!
No target in view!
No target in view!
No target in view!
No target in view!
Found a stone staircase leading down.
There is a stone staircase leading down here.
You open the door.
A worm comes into view.
Found an escape hatch in the ceiling.
There is an open door here.
The worm bites you!
You barely miss the worm. You slash the worm!
The worm is heavily wounded.
You block the worm's attack.
You hit the worm.
The worm is heavily wounded.
The worm bites you but does no damage.
You hit the worm.
The worm is severely wounded.
The worm bites you.
You are too injured to fight recklessly!
You are too injured to fight recklessly!
You are too injured to fight recklessly!
You are too injured to fight recklessly!
You are too injured to fight recklessly!
You are too injured to fight recklessly!
You are too injured to fight recklessly!
You are too injured to fight recklessly!
You are too injured to fight recklessly!
You are too injured to fight recklessly!
You are too injured to fight recklessly!
A worm is nearby!
A worm is nearby!
You barely miss the worm.
The worm is severely wounded.
You hit the worm.
The worm is severely wounded.
The worm bites you.
You hit the worm.
The worm is almost dead.
The worm closely misses you.
You barely miss the worm.
The worm is severely wounded.
The worm bites you.
* * * LOW HITPOINT WARNING * * *
You hit the worm but do no damage.
The worm is severely wounded.
You hit the worm.
The worm is severely wounded.
The worm barely misses you.
You slash the worm!
You kill the worm!
Key pressed, stopping explore.
You open the door.
There is an open door here.
Found 24 stones.
A kobold comes into view. It is wielding a +0 short sword.
The kobold shouts!
The kobold throws a stone.
The stone hits you but does no damage.
A kobold is nearby!
You closely miss the kobold. The kobold closely misses you.
The kobold hits you with a +0 short sword.
You hit the kobold.
The kobold is severely wounded.
The kobold hits you but does no damage.
You closely miss the kobold.
The kobold is severely wounded.
The kobold hits you with a +0 short sword.
You slash the kobold!
You kill the kobold!
No target in view!
No target in view!
No target in view!
No target in view!
No target in view!
No target in view!
No target in view!
j - a viscous brown potion;
k - a scroll labelled PINLUCIGAD You now have 72 gold pieces (gained 12).
Things that are here:
a +0 short sword; 21 stones; a kobold corpse You now have 74 gold pieces (gained 2).
A rat comes into view.
A rat is nearby!
You block the rat's attack.
You closely miss the rat. The rat barely misses you.
You closely miss the rat. You block the rat's attack.
The rat bites you but does no damage.
You hit the rat.
You kill the rat!
No target in view!
Found a stone staircase leading up.
You open the door.
There is an open door here.
A bat comes into view.
The bat barely misses you.
A bat is nearby!
You hit the bat but do no damage. The bat hits you.
You hit the bat.
The bat is moderately wounded.
You block the bat's attack. The bat hits you but does no damage.
You slash the bat!
You kill the bat!
No target in view!
No target in view!
No target in view!
No target in view!
No target in view!
No target in view!
No target in view!
No target in view!
No target in view!
No target in view!
Found a stone staircase leading down.
There is an open door here.
No target in view!
No target in view!
No target in view!
l - a scroll labelled POBRUP HAERE
Found an escape hatch in the floor.
There is an open door here. 3 goblins come into view.
The goblin shouts! x3
A hobgoblin comes into view.
There are monsters nearby!
There are monsters nearby!
There are monsters nearby!
A goblin comes into view. It is wielding a +0 club.
The goblin shouts!
You hear a shout!
A hobgoblin comes into view.
A hobgoblin comes into view.
The hobgoblin shouts!
There is an open door here.
You start waiting.
A goblin is nearby!
A goblin is nearby!
A goblin is nearby!
A goblin is nearby!
A goblin is nearby!
A goblin is nearby!
You hit the goblin.
You kill the goblin!
You hit the goblin.
You kill the goblin!
You slash the hobgoblin!
You kill the hobgoblin!
You slash the goblin!
You kill the goblin!
You closely miss the hobgoblin.
The hobgoblin hits you but does no damage.
You hit the hobgoblin.
You kill the hobgoblin!
The hobgoblin hits you but does no damage.
You slash the hobgoblin!
You kill the hobgoblin!
Robin of the Strong Arm comes into view.
They are wielding a +1 spectral club.
You miss the goblin.
Robin shouts!
You hear a shout! x2
You block the goblin's attack. The goblin hits you but does no damage.
A hobgoblin comes into view.
You hear a shout!
You hit the goblin.
You kill the goblin!
Robin roars a battlecry!
The hobgoblin goes into a battle-frenzy!
Robin roars a battlecry!
You hear a shout!
You hit the hobgoblin.
The hobgoblin is almost dead.
The hobgoblin hits you.
You hit the hobgoblin but do no damage.
The hobgoblin is almost dead.
The hobgoblin completely misses you. You block the hobgoblin's attack.
You hit the hobgoblin but do no damage.
The hobgoblin is almost dead.
A giant cockroach comes into view.
The hobgoblin hits you but does no damage.
A goblin comes into view. It is wielding a +0 dagger.
You closely miss the hobgoblin.
The hobgoblin is almost dead.
Robin roars a battlecry!
The goblin goes into a battle-frenzy!
The hobgoblin hits you.
You hear a shout!
You slash the hobgoblin!
You kill the hobgoblin!
You slash Robin!
Robin is heavily wounded.
Robin throws the goblin at you! The goblin hits you but does no damage.
You block Robin's attack.
You slash Robin!
You kill Robin!
You block the goblin's attack.
Your Long Blades skill increases to level 4!
You have reached level 4!
You feel agile.
You hit the giant cockroach.
The giant cockroach is moderately wounded.
The giant cockroach barely misses you. You block the goblin's attack.
A goblin comes into view. It is wielding a +0 dagger.
The giant cockroach closely misses you. The goblin hits you with a +0 dagger.
You slash the goblin!
You kill the goblin!
The giant cockroach closely misses you.
You hit the giant cockroach.
You kill the giant cockroach!
You closely miss the goblin. The goblin hits you but does no damage.
You closely miss the goblin. You block the goblin's attack.
You slash the goblin!
You kill the goblin! 2 hobgoblins come into view.
The hobgoblin shouts! x2
A dart slug comes into view.
Items here: ! )) ? [[ †††.
You barely miss the hobgoblin. You block the hobgoblin's attack.
You hit the hobgoblin.
The hobgoblin is moderately wounded.
You hit the hobgoblin.
You kill the hobgoblin!
The hobgoblin misses you.
You barely miss the hobgoblin. The hobgoblin hits you.
You hit the hobgoblin.
The hobgoblin is severely wounded.
The hobgoblin no longer looks unusually strong.
The hobgoblin hits you.
You barely miss the hobgoblin.
The hobgoblin is severely wounded.
The hobgoblin hits you.
You slash the hobgoblin!
You kill the hobgoblin!
You hit the dart slug.
The dart slug is heavily wounded.
The dart slug launches a dart at you.
The slug dart hits you but does no damage.
You hit the dart slug but do no damage.
The dart slug is heavily wounded.
You slash the dart slug!
You kill the dart slug!
No target in view!
No target in view!
No target in view!
No target in view!
No target in view!
No target in view!
No target in view!
No target in view!
No target in view!
No target in view!
No target in view!
No target in view!
No target in view!
No target in view!
HP restored.
m - an emerald potion;
n - a +0 helmet
k - 2 scrolls labelled PINLUCIGAD (gained 1)
Items here: )) [ ††††.
Items here: ))))) †††††.
Items here: )) [ ††††.
o - a scroll labelled GOFUEQ NIERPHO You start putting on your armour.
You continue putting on your +0 helmet. x4
You finish putting on your +0 helmet.
Found 7 stones.
There is an open door here.
Found a stone staircase leading down.
A rat comes into view.
A rat is nearby!
The rat bites you but does no damage.
You closely miss the rat. The rat closely misses you.
You hit the rat.
You kill the rat!
No target in view!
No target in view!
No target in view!
No target in view!
No target in view!
No target in view!
No target in view!
No target in view!
There is an open door here.
Found a morningstar.
A dart slug comes into view.
A dart slug is nearby!
A dart slug is nearby!
A dart slug is nearby!
You slash the dart slug!
You kill the dart slug!
No target in view!
No target in view!
No target in view!
No target in view!
No target in view!
No target in view!
No target in view!
No target in view!
You see here a dart slug corpse.
Found a flail.
A goblin comes into view. It is wielding a +0 dagger.
The goblin shouts!
A goblin is nearby!
Found 31 sling bullets.
You block the goblin's attack.
You hit the goblin but do no damage. The goblin closely misses you.
You closely miss the goblin. The goblin hits you but does no damage.
You closely miss the goblin.
The goblin hits you but does no damage. x2
You hit the goblin.
The goblin is moderately wounded.
The goblin completely misses you.
You closely miss the goblin.
The goblin is moderately wounded.
The goblin barely misses you.
A goblin is nearby!
A goblin is nearby!
A goblin is nearby!
A goblin is nearby!
You hit the goblin.
You kill the goblin!
No target in view!
No target in view!
No target in view!
No target in view!
You see here a dart slug corpse.
You see here a +0 morningstar.
You open the door.
Terence the Incautious comes into view.
He is wielding a +0 flail and carrying a wand of digging (4).
Found an orange potion.
Terence is nearby!
Terence is nearby!
Terence is nearby!
You barely miss Terence. Terence hits you with a +0 flail.
You hit Terence but do no damage. Terence barely misses you. x2
You hit Terence.
Terence is lightly wounded.
Terence closely misses you.
You closely miss Terence.
Terence is lightly wounded.
Terence hits you but does no damage.
You barely miss Terence.
Terence is lightly wounded.
Terence completely misses you.
You hit Terence but do no damage.
Terence is lightly wounded.
Terence misses you. Terence closely misses you.
You slash Terence!
Terence is severely wounded.
You block Terence's attack.
You closely miss Terence.
Terence is severely wounded.
Terence hits you with a +0 flail.
You hit Terence.
Terence is almost dead.
Terence hits you with a +0 flail.
You hit Terence.
You kill Terence!
No target in view!
No target in view!
No target in view!
No target in view!
No target in view!
No target in view!
No target in view!
No target in view!
No target in view!
No target in view!
No target in view!
No target in view!
No target in view!
No target in view!
No target in view!
No target in view!
No target in view!
No target in view!
No target in view!
No target in view!
p - a wand of digging (4)
There is an open door here.
Things that are here:
a +0 flail; a +0 chain mail; the human corpse of Terence
q - an orange potion You open the door.
There is an open door here.
There is an open door here.
Things that are here:
a +0 flail; a +0 chain mail; the human corpse of Terence Key pressed, stopping explore.
A hobgoblin comes into view.
A hobgoblin is nearby!
The hobgoblin shouts!
You hit the hobgoblin.
The hobgoblin is severely wounded.
You block the hobgoblin's attack.
You barely miss the hobgoblin.
The hobgoblin is severely wounded.
The hobgoblin barely misses you.
You hit the hobgoblin but do no damage.
The hobgoblin is severely wounded.
The hobgoblin hits you. The hobgoblin closely misses you.
You hit the hobgoblin.
You kill the hobgoblin!
No target in view!
No target in view!
No target in view!
No target in view!
No target in view!
No target in view!
No target in view!
No target in view!
No target in view!
r - a scroll labelled IBUIF RUODOPH You now have 81 gold pieces (gained 7).
e - 3 scrolls labelled ACZETI DOZEUMI (gained 1)
There is a stone staircase leading down here.
Key pressed, stopping explore.
Done exploring.
Done exploring.
Done exploring.
Done exploring.
(D) Dungeon
Where to? (Enter - D:2, ? - help)
There is a stone staircase leading down here.
You climb downwards.
There is a stone staircase leading up here.
A quokka is nearby!
A quokka is nearby!
A quokka is nearby!
A quokka is nearby!
A quokka is nearby!
Found a stone staircase leading down.
The quokka barely misses you.
You closely miss the quokka. The quokka barely misses you.
You barely miss the quokka.
The quokka bites you but does no damage.
You block the quokka's attack.
You barely miss the quokka. The quokka closely misses you.
You miss the quokka. The quokka bites you.
You miss the quokka. You block the quokka's attack.
The quokka bites you but does no damage.
You slash the quokka!
You kill the quokka!
No target in view!
HP restored.
An adder and a dart slug come into view.
Found a scroll labelled ACZETI DOZEUMI.
There are monsters nearby!
There are monsters nearby!
You hit the dart slug.
The dart slug is severely wounded.
The dart slug launches a dart at you. You block the slug dart.
You slash the dart slug!
You kill the dart slug!
The adder barely misses you.
You closely miss the adder. The adder completely misses you.
The adder bites you but does no damage.
You completely miss the adder. The adder bites you but does no damage.
You slash the adder!
You kill the adder!
No target in view!
No target in view!
No target in view!
No target in view!
No target in view!
No target in view!
No target in view!
No target in view!
No target in view!
No target in view!
No target in view!
No target in view!
No target in view!
No target in view!
No target in view!
No target in view!
You see here an adder corpse.
A ball python comes into view.
The ball python hisses angrily.
The ball python closely misses you. The ball python grabs you.
The ball python constricts you. The ball python barely misses you.
The ball python constricts you.
You see here a scroll labelled ACZETI DOZEUMI.
A ball python is nearby!
A ball python is nearby!
A ball python is nearby!
You closely miss the ball python. The ball python bites you.
The ball python constricts you.
You barely miss the ball python. The ball python bites you.
The ball python constricts you. The ball python barely misses you.
The ball python constricts you.
You hit the ball python.
You kill the ball python!
No target in view!
No target in view!
No target in view!
No target in view!
Magic restored.
e - 4 scrolls labelled ACZETI DOZEUMI (gained 1)
You see here a ball python corpse.
s - a scroll labelled QAIR ZOOZ VUR A rat comes into view.
A rat is nearby!
A rat is nearby!
The rat bites you but does no damage.
You hit the rat.
You kill the rat!
No target in view!
No target in view!
No target in view!
No target in view!
No target in view!
No target in view!
An adder comes into view.
The adder bites you. The adder bites you but does no damage.
An adder is nearby!
An adder is nearby!
Okay, then.
You slash the adder!
The adder is almost dead.
The adder closely misses you.
You hit the adder but do no damage.
The adder is almost dead.
The adder bites you but does no damage. You block the adder's attack.
You slash the adder!
You kill the adder!
You have reached level 5!
Your demonic ancestry asserts itself...
Your fingernails lengthen.
Are you sure you want to abandon this character and quit the game? (Confirm with "yes".)

## #.# ##.# ##.#.#
#.#.#.# .#.#.#.#
.#.#.#.#†##
.#.#.#.#.#@#
#.#.#.#.#.## .#
#.#.#.#.#.# .#.#
#.#.#.#.##
.#.#.#.#.#.#.#.#
.#.#.#.#.#.#.#.##
.#.#.#.#.#.#.#.#.#
#.#.#.#.#.#.#.#.##
.#.#.#.#.#.#.#.#.#


There were no monsters in sight!

Vanquished Creatures
  Terence (D:2)
  Robin (D:2)
  4 adders
  A worm (D:2)
  4 dart slugs
  3 endoplasms
  3 giant cockroaches
  11 goblins
  8 hobgoblins
  3 kobolds (D:2)
  3 quokkas
  4 ball pythons
  3 bats
  3 frilled lizards
  4 rats
56 creatures vanquished.

Notes
Turn   | Place    | Note
-------+----------+-------------------------------------------
     0 | D:1      | sleeves the Demonspawn Fighter began the quest for the Orb.
     0 | D:1      | Reached XP level 1. HP: 18/18 MP: 1/1
   111 | D:1      | Reached skill level 2 in Long Blades
   336 | D:1      | Gained mutation: You are partially covered in icy blue
                  | scales. (AC +2) [demonic ancestry]
   336 | D:1      | Reached XP level 2. HP: 23/24 MP: 2/2
   814 | D:2      | Reached skill level 3 in Long Blades
   837 | D:2      | Gained mutation: You regenerate magic rapidly. [demonic
                  | ancestry]
   837 | D:2      | Reached XP level 3. HP: 23/29 MP: 3/3
  1084 | D:2      | HP: 13/29 [goblin (2)]
  1339 | D:2      | HP: 9/29 [worm (6)]
  1825 | D:2      | Noticed Robin
  1834 | D:2      | Killed Robin
  1835 | D:2      | Reached skill level 4 in Long Blades
  1835 | D:2      | Reached XP level 4. HP: 29/35 MP: 4/4
  2165 | D:2      | Noticed Terence
  2175 | D:2      | Killed Terence
  2576 | D:3      | Gained mutation: You have sharp fingernails. [demonic
                  | ancestry]
  2576 | D:3      | Reached XP level 5. HP: 40/41 MP: 5/5
  2576 | D:3      | Quit the game

Illustrated notes

Levels and vault maps discovered:
D:1:      eino_arrival_cavern_a, layout_loops_ring
D:2:      minmay_general_purpose_star, layout_basic, uniq_robin, uniq_terence
D:3:      layout_basic, dreamdust_ecumenical_altar_statues, serial_shops, shop,
          kennysheep_donut

Skill      XL: |  1  2  3 |
---------------+----------+-----
Long Blades    | 2 3 4 |  4.8
Fighting       | |  3.0
Armour         | |  2.6
Shields        | |  2.6

Action                   |  1- 3 |  4- 6 || total
-------------------------+-------+-------++-------
Melee: Long sword        |   114 |    57 ||   171
Armor: Scale mail        |    57 |    14 ||    71
Dodge: Dodged            |    45 |    25 ||    70
Block: Buckler           |    25 |    10 ||    35

Table legend: (Time is in decaauts)
 A = Elapsed time spent in this place.
 B = Non-inter-level travel time spent in this place.
 C = Inter-level travel time spent in this place.
 D = Time resting spent in this place.
 E = Time spent auto-exploring this place.
 F = Levels seen in this place.
 G = Mean time per level.
                   A        B        C        D        E       F      G
               +--------+--------+--------+--------+--------+-----+--------+
         Total |   2619 |   2568 |     51 |      2 |   2197 |   3 |  873.0 |
       Dungeon |   2619 |   2568 |     51 |      2 |   2197 |   3 |  873.0 |
               +--------+--------+--------+--------+--------+-----+--------+

Top non-repeatable levels by time:
     D:2: 1716 daAuts
     D:1: 814 daAuts
     D:3: 88 daAuts
